 Dungeon Crawl Stone Soup version 0.22-a0-422-g9628fc87f1 (webtiles) character file.

7053 Banto the Covert (level 11, -2/91 HPs)
             Began as an Octopode Earth Elementalist on May 17, 2018.
             Was a Priest of Sif Muna.
             Slain by a two-headed ogre
             ... wielding a +0 giant club
              (19 damage)
             ... on level 10 of the Dungeon.
             The game lasted 00:18:15 (11154 turns).

Banto the Covert (Octopode Earth Elementalist)     Turns: 11154, Time: 00:18:15

Health: -2/91      AC: 25    Str:  8    XL:     11   Next: 9%
Magic:  9/20       EV:  2    Int: 21    God:    Sif Muna [***...]
Gold:   226        SH:  0    Dex: 18    Spells: 12/22 levels left

rFire    . . .     SeeInvis .   a - +0 short sword (freeze)
rCold    . . .     Gourm    +   (no shield)
rNeg     + + +     Faith    .   (helmet currently unavailable)
rPois    +         Spirit   .   g - amulet of the gourmand
rElec    .         Reflect  .   j - ring of poison resistance
rCorr    .         Harm     .   q - +4 ring of dexterity
MR       .....     NoTele   +   (no ring)
Stlth    ++........             (no ring)
HPRegen  0.25/turn              (no ring)
MPRegen  0.17/turn              (no ring)
                                (no ring)
                                (no ring)

@: confused, lethally poisoned (-2 -> -4), tree-form (expiring)
A: almost no armour, stealthy swim, (amphibious), 8 rings, (constrict 8), agile
1, screaming 1
a: Divine Energy, Channel Magic, Renounce Religion


You were on level 10 of the Dungeon.
You worshipped Sif Muna.
Sif Muna was most pleased with you.
You were full.
You were a tree.
You visited 1 branch of the dungeon, and saw 10 of its levels.

You collected 371 gold pieces.
You spent 145 gold pieces at shops.

Inventory:

Hand Weapons
 a - a +0 short sword of freezing (weapon)
Missiles
 b - 100 stones (quivered)
 r - 2 throwing nets
Armour
 t - a +1 hat (melded)
Jewellery
 g - an amulet of the gourmand (around neck)
 j - a ring of poison resistance (left branch)
 q - a +4 ring of dexterity (right branch)
Scrolls
 d - a scroll of fog
 e - 4 scrolls of remove curse
 l - 4 scrolls of teleportation
 s - a scroll of noise {unknown}
 u - 2 scrolls of identify
Potions
 h - 2 potions of flight
 i - a potion of brilliance
 k - a potion of lignification
 m - 3 potions of curing
 n - a potion of agility {unknown}
 o - a potion of ambrosia
 p - a potion of berserk rage {unknown}
Comestibles
 c - 17 rations


   Skills:
 + Level 9.7 Short Blades
 - Level 2.0 Dodging
 - Level 11.0 Stealth
 - Level 6.0 Spellcasting
 + Level 1.8 Conjurations
 - Level 6.1 Transmutations
 + Level 7.4 Earth Magic


You had 12 spell levels left.
You knew the following spells:

 Your Spells              Type           Power        Failure   Level  Hunger
a - Sandblast             Erth           #####.       1%          1    None
b - Passwall              Tmut/Erth      ####......   1%          2    None
c - Stone Arrow           Conj/Erth      ####..       4%          3    ##.....
d - Petrify               Tmut/Erth      ####....     6%          4    ####...

Your spell library contained the following spells:

 Spells                   Type           Power        Failure   Level  Hunger
 Mephitic Cloud           Conj/Pois/Air  #.......     22%         3    ##.....
 Venom Bolt               Conj/Pois      ##........   88%         5    #####..
 Olgreb's Toxic Radiance  Pois           #.......     67%         4    ####...
 Sting                    Conj/Pois      ##..         7%          1    None
 Lee's Rapid Deconstruct  Erth           #####.....   13%         5    #####..
 Poisonous Vapours        Pois/Air       #.....       14%         2    None


Dungeon Overview and Level Annotations

Branches:
Dungeon (10/15)            Temple (0/1) D:6            Lair (0/6) D:10
    Orc (0/2) D:9

Altars:
Ashenzari
Dithmenos
Elyvilon
Fedhas
Kikubaaqudgha
Makhleb
Nemelex Xobeh
Okawaru
Sif Muna
Trog
Uskayaw
Vehumet
Wu Jian
Yredelemnul
Zin

Shops:
D:4 =   D:5 =[   D:6 [


Innate Abilities, Weirdness & Mutations

You cannot wear most types of armour.
You are very stealthy in the water. (Stealth+)
((You are amphibious.))
You can wear up to eight rings at the same time.
((You can use your tentacles to constrict eight enemies at once.))
((Your skin changes colour to match your surroundings (Stealth+).))
((Your rubbery body absorbs attacks. (AC +1, EV +1)))
((One of your tentacles bears a spike.))
You are agile. (Dex +2)
You occasionally shout uncontrollably at your foes.


Message History

* * * LOW HITPOINT WARNING * * *
The two-headed ogre hits you with a giant spiked club!
* * * LOW HITPOINT WARNING * * *
You take 13 damage, and have 10/91 hp.
You regained 3 mp, and now have 4/20 mp.
Unknown command.
You cannot move. (Use ctrl+direction to attack without moving.) Unknown command.
You cannot move. (Use ctrl+direction to attack without moving.)
You cannot move. (Use ctrl+direction to attack without moving.)
You hit the worker ant. You freeze the worker ant.
The worker ant is almost dead.
The worker ant bites you but does no damage.
You regained 3 hp, and now have 13/91 hp.
You regained 2 mp, and now have 6/20 mp.
Unknown command.
You swing at nothing.
The howler monkey hits you but does no damage.
The two-headed ogre hits you with a giant club!!
You die...

.....##.#...........#....#
..........#.......#......#
...........†#...#........#
#######.......#..........#
..............#..........#
............#...#........#
..(.......#.......#....#.#
........#......a†h..#....#
..##...........#♣O.......#
..##...#....#.#####......#
..##....#.....# #......#
..##....#>...## #......#
..##....#....# #yh....#
######### #### #h.....#
#......# #......# #......#


You could see a two-headed ogre, a howler monkey and a worker ant.

Vanquished Creatures
  2 two-headed ogres
  Prince Ribbit (D:7)
  The ghost of htuhola the Skirmisher, an amateur OpTm (D:4)
  Sigmund (D:2)
  A wyvern (D:8)
  A human (D:7)
  2 yaks
  3 hogs (D:7)
  2 ice beasts
  2 porcupines (D:10)
  2 orc warriors
  An eye of draining (D:9)
  2 black bears (D:9)
  A phantom (D:8)
  4 sky beasts
  6 ogres
  A centaur (D:8)
  4 bullfrogs
  2 big kobolds
  A wyvern zombie (D:7)
  9 killer bees
  8 wights
  4 howler monkeys
  3 crimson imps (D:6)
  A quasit (D:6)
  A bullfrog zombie (D:10)
  A hound (D:8)
  4 orc priests
  2 jellies
  3 orc wizards (D:6)
  2 bullfrog skeletons (D:5)
  5 iguanas
  7 worker ants
  2 killer bee zombies
  3 hound skeletons
  A hound zombie (D:7)
  3 gnolls (D:5)
  7 adders
  2 shadow imps
  An ooze (D:3)
  A worm (D:3)
  2 dart slugs
  5 leopard geckos
  25 orcs
  2 ball pythons
  5 bats
  3 giant cockroaches
  3 goblins
  5 hobgoblins
  11 jackals
  11 kobolds
  3 quokkas
  3 frilled lizards
  3 rats
  A plant (D:5)
192 creatures vanquished.

Notes
Turn   | Place    | Note
-------+----------+-------------------------------------------
     0 | D:1      | Banto the Octopode Earth Elementalist began the quest for the Orb.
     0 | D:1      | Reached XP level 1. HP: 11/11 MP: 3/3
   131 | D:1      | Reached skill level 3 in Stealth
   207 | D:1      | Reached XP level 2. HP: 17/17 MP: 5/5
   737 | D:2      | Noticed Sigmund
   752 | D:2      | Learned a level 2 spell: Passwall
   778 | D:2      | Killed Sigmund
   778 | D:2      | Reached skill level 5 in Stealth
   778 | D:2      | Reached XP level 3. HP: 16/21 MP: 3/6
   778 | D:2      | Reached XP level 4. HP: 20/27 MP: 3/7
   778 | D:2      | Reached XP level 5. HP: 23/31 MP: 3/8
   789 | D:2      | Found a basalt altar of Yredelemnul.
  1083 | D:2      | Reached skill level 6 in Stealth
  1222 | D:3      | Gained mutation: You are agile. (Dex +2) [potion of mutation]
  1222 | D:3      | Gained mutation: You occasionally shout uncontrollably at your foes. [potion of mutation]
  1222 | D:3      | Gained mutation: One of your tentacles bears a spike. [potion of mutation]
  1498 | D:3      | Learned a level 3 spell: Stone Arrow
  1564 | D:3      | Found a white marble altar of Elyvilon.
  1568 | D:3      | Found a bloodstained altar of Trog.
  1574 | D:3      | Found a radiant altar of Vehumet.
  1576 | D:3      | Found a hide-covered altar of Uskayaw.
  1576 | D:3      | Found an ancient bone altar of Kikubaaqudgha.
  1576 | D:3      | Found a burning altar of Makhleb.
  1576 | D:3      | Found an ornate altar of the Wu Jian Council.
  1577 | D:3      | Found a sparkling altar of Nemelex Xobeh.
  1578 | D:3      | Found an iron altar of Okawaru.
  1579 | D:3      | Found a glowing silver altar of Zin.
  1580 | D:3      | Found a shattered altar of Ashenzari.
  1581 | D:3      | Found a deep blue altar of Sif Muna.
  1630 | D:3      | Became a worshipper of Sif Muna the Loreminder
  1708 | D:3      | Reached skill level 5 in Earth Magic
  1796 | D:3      | Reached XP level 6. HP: 34/36 MP: 9/9
  2246 | D:4      | Reached skill level 7 in Stealth
  2315 | D:4      | Found Zyoq's Jewellery Emporium.
  2330 | D:4      | Bought a cursed ring of loudness for 49 gold pieces
  2547 | D:4      | Noticed htuhola's ghost (amateur OpTm)
  2579 | D:4      | Killed htuhola's ghost
  2579 | D:4      | Reached skill level 8 in Stealth
  2579 | D:4      | Reached XP level 7. HP: 36/41 MP: 5/10
  2632 | D:4      | Learned a level 4 spell: Petrify
  2725 | D:5      | Entered Level 5 of the Dungeon
  2846 | D:5      | Found Ibet's Antique Armour Boutique.
  2910 | D:5      | Found Cunyaf's Jewellery Emporium.
  3525 | D:5      | Reached skill level 9 in Stealth
  3729 | D:5      | Reached XP level 8. HP: 46/46 MP: 6/11
  3855 | D:5      | Reached skill level 1 in Short Blades
  4121 | D:5      | Reached skill level 10 in Stealth
  4588 | D:6      | Reached * piety under Sif Muna
  4685 | D:6      | Found Yvveq's Antique Armour Shop.
  4693 | D:6      | Bought a hat for 96 gold pieces
  4999 | D:6      | Reached skill level 11 in Stealth
  5072 | D:6      | Reached XP level 9. HP: 11/51 MP: 6/12
  5607 | D:6      | Found a staircase to the Ecumenical Temple.
  6009 | D:7      | Noticed Prince Ribbit
  6010 | D:7      | Killed Prince Ribbit
  6366 | D:7      | Found a shadowy altar of Dithmenos.
  6387 | D:7      | Reached skill level 5 in Transmutations
  6830 | D:7      | Reached skill level 5 in Short Blades
  6905 | D:7      | Found a blossoming altar of Fedhas.
  6986 | D:7      | HP: 1/51 [hog (11)]
  8009 | D:8      | Reached XP level 10. HP: 56/56 MP: 9/13
  8198 | D:8      | Reached ** piety under Sif Muna
  8209 | D:8      | Noticed a two-headed ogre
  8228 | D:8      | Killed a two-headed ogre
  9212 | D:9      | Noticed a two-headed ogre
  9570 | D:9      | Killed a two-headed ogre
  9570 | D:9      | Reached skill level 5 in Spellcasting
  9891 | D:9      | Found a staircase to the Orcish Mines.
 10495 | D:10     | Entered Level 10 of the Dungeon
 10766 | D:10     | Found a staircase to the Lair.
 10850 | D:10     | Reached XP level 11. HP: 59/61 MP: 8/20
 10864 | D:10     | Reached skill level 1 in Conjurations
 11136 | D:10     | Reached *** piety under Sif Muna
 11143 | D:10     | Noticed a two-headed ogre
 11154 | D:10     | Slain by a two-headed ogre

Vault maps used:
D:1:      evilmike_arrival_crescent, serial_corexii_hall,
          corexii_hall_statues_l, corexii_hall_statues_i
D:2:      overflow_temple_1_default, minmay_misc_feat_pillars, uniq_sigmund
D:3:      minitemple, first_ration
D:4:      serial_shops, shop, eino_small_chamber_without_monster, minivault_19
D:5:      serial_shops, nicolae_shop_crystal, shop, lexackson_kobold_supper
D:6:      temple_fountains, serial_shops, shop, grunt_ministairs_1
D:7:      basic_altar, grunt_livestock, nicolae_dithmenos_the_darkroom,
          uniq_prince_ribbit1
D:9:      orc_0_dummy, minivault_23
D:10:     grunt_lair_entry_orc_guard_hut, minmay_misc_feat_more_columns

Skill      XL: |  1  2  3  4  5  6  7  8  9 10 11 |
---------------+----------------------------------+-----
Stealth        | 3 5 6 8 9 11 | 11.0
Earth Magic    | 4 5 6 7 |  7.4
Short Blades   | 3 7 9 |  9.7
Transmutations | 3 6 |  6.1
Spellcasting   | 6 |  6.0
Conjurations   | 1 |  1.8
Dodging        | |  2.0

Action                   |  1- 3 |  4- 6 |  7- 9 | 10-12 || total
-------------------------+-------+-------+-------+-------++-------
Melee: Short sword       |    25 |    54 |   225 |   103 ||   407
       Constrict         |     5 |    12 |    50 |    16 ||    83
       Tentacles         |     3 |    10 |    44 |    13 ||    70
       Kick              |       |     8 |    91 |    30 ||   129
 Cast: Sandblast         |     6 |    16 |    67 |    74 ||   163
       Passwall          |       |     2 |    10 |     2 ||    14
       Stone Arrow       |       |     1 |     3 |     6 ||    10
       Petrify           |       |       |    10 |    10 ||    20
  Use: Scroll            |       |     9 |     6 |     3 ||    18
       Potion            |       |     1 |       |     5 ||     6
 Stab: Sleeping          |     4 |    10 |     9 |    12 ||    35
       Petrified         |       |       |     9 |     8 ||    17
       Distracted        |       |       |     1 |     2 ||     3
       Petrifying        |       |       |       |     2 ||     2
  Eat: Chunk             |       |    13 |    22 |     9 ||    44
Armor: Skin              |     1 |     9 |     7 |   197 ||   214
Dodge: Dodged            |    17 |    37 |   132 |    85 ||   271

Table legend:
 A = Spawn XP
 B = Non-spawn XP
 C = Spawn XP percentage of total XP
 D = Spawn monster count
 E = Non-spawn monster count
 F = Spawn count percentage of total count
 G = Total turns spent on level
                    A         B        C        D         E        F      G
               +---------+---------+-------+---------+---------+-------+---------
         Total |       0 |   10076 |   0.0 |       0 |     191 |   0.0 | 11154
               +---------+---------+-------+---------+---------+-------+---------
           D:1 |       0 |      22 |   0.0 |       0 |      11 |   0.0 |   511
           D:2 |       0 |     236 |   0.0 |       0 |      10 |   0.0 |   706
           D:3 |       0 |      65 |   0.0 |       0 |      14 |   0.0 |   664
           D:4 |       0 |     488 |   0.0 |       0 |      10 |   0.0 |  1058
           D:5 |       0 |     869 |   0.0 |       0 |      36 |   0.0 |  1745
           D:6 |       0 |    1078 |   0.0 |       0 |      32 |   0.0 |  1378
           D:7 |       0 |    1776 |   0.0 |       0 |      17 |   0.0 |  1933
           D:8 |       0 |    1831 |   0.0 |       0 |      16 |   0.0 |  1574
           D:9 |       0 |    2119 |   0.0 |       0 |      22 |   0.0 |  1131
          D:10 |       0 |    1592 |   0.0 |       0 |      23 |   0.0 |   454
               +---------+---------+-------+---------+---------+-------+---------

Table legend:
 A = Turns spent in this place as a percentage of turns spent in the entire game.
 B = Non-inter-level travel turns spent in this place as a percentage of non-inter-level travel turns spent in the entire game.
 C = Inter-level travel turns spent in this place as a percentage of turns spent in this place.
 D = Turns resting spent in this place as a percentage of non-inter-level travel turns spent in this place.
 E = Turns spent auto-exploring this place as a percentage of non-inter-level travel turns spent in this place.
 F = Non-inter-level travel turns spent in this place divided by the number of levels of this place that you've seen.
                   A       B       C       D       E      F
               +-------+-------+-------+-------+-------+----------------------
         Total | 100.0 | 100.0 |   5.4 |  31.5 |  47.3 | 1055.0
       Dungeon | 100.0 | 100.0 |   5.4 |  31.5 |  47.3 | 1055.0
               +-------+-------+-------+-------+-------+----------------------

Table legend:
 A = Kills in this place as a percentage of kills in entire the game.
 B = Kills by you in this place as a percentage of kills by you in the entire game.
 C = Kills by friends in this place as a percentage of kills by friends in the entire game.
 D = Other kills in this place as a percentage of other kills in the entire game.
 E = Experience gained in this place as a percentage of experience gained in the entire game.
 F = Experience gained in this place divided by the number of levels of this place that you have seen.
                   A       B       C       D       E      F
               +-------+-------+-------+-------+-------+----------------------
         Total | 100.0 | 100.0 |   N/A |   N/A | 100.0 | 1007.6
       Dungeon | 100.0 | 100.0 |   N/A |   N/A | 100.0 | 1007.6
               +-------+-------+-------+-------+-------+----------------------
